 Dungeon Sprint DCSS version 0.18.1-48-g4cf74bf (webtiles) character file.

3100000 kosy22 the Heavyweight Champion (level 21, -4/397 HPs)
             Began as a Troll Berserker on Aug 19, 2016.
             Killed from afar by a large bag of meat (8 damage)
             ... with an exploding inner flame
             ... in the Dungeon (Sprint VIII: "Arena of Blood").
             The game lasted 00:03:12 (31 turns).

kosy22 the Heavyweight Champion (Troll Berserker)     Turns: 31, Time: 00:03:13

Health: -4/397     AC:  6    Str: 39    XL:     21   Next: 67%
Magic:  18/40      EV: 25    Int:  3    God:
Gold:   0          SH:  0    Dex: 13    Spells: 0 memorised, 53 levels left

rFire  . . .     SeeInvis .     i - +∞ Axe of Woe
rCold  . . .     Gourm    +     a - +0 animal skin
rNeg   . . .     Faith    .     (shield currently unavailable)
rPois  .         Spirit   .     (helmet restricted)
rElec  .         Dismiss  .     (no cloak)
rCorr  .         Reflect  .     (gloves unavailable)
SustAt .         Harm     .     (boots unavailable)
MR     +....     NoTele   +     (no amulet)
Stlth  ..........               (no ring)
                                j - +30 ring of slaying

@: berserking, very slightly contaminated, very quick, somewhat resistant to
hostile enchantments, extremely unstealthy
A: unfitting armour, claws 3, fast metabolism 3, gourmand, regeneration 2,
shaggy fur 1, tough skin 2
a: no special abilities


You were in the Dungeon.
You were not hungry.

You visited 1 branch

Inventory:

Hand Weapons
 i - the +∞ Axe of Woe (weapon)
   (You found it in the Dungeon)
Armour
 a - a +0 animal skin (worn)
Jewellery
 j - a +30 ring of slaying (left claw)
Potions
 c - a potion of curing
 d - a potion of heal wounds
 e - a potion of haste
 f - 2 potions of magic
 g - a potion of berserk rage
Comestibles
 b - 2 bread rations


   Skills:
 O Level 27 Fighting
 O Level 27 Axes
 + Level 22.0 Throwing
 + Level 20.5 Armour
 O Level 27 Dodging
 + Level 17.8 Stealth
 O Level 27 Unarmed Combat
 + Level 16.5 Spellcasting


You had 53 spell levels left.
You didn't know any spells.

Dungeon Overview and Level Annotations

Branches:
Dungeon (1/1)

Altars:
Makhleb

Annotations:
D The Servant


Innate Abilities, Weirdness & Mutations

You are too large for most types of armour.
You have claws for hands.
Your metabolism is lightning-fast.
You like to eat raw meat.
You heal very quickly.
You are covered in fur (AC +1).
You have very tough skin (AC +2).


Message History

You feel extremely guilty.
Your Throwing skill increases to level 20!
Your Stealth skill increases to level 16!
Your Spellcasting skill increases to level 15!
You slice the destroyer!!
You pulverise the destroyer into a thin bloody mist.
You destroy the destroyer!
Trog appreciates your killing of a magic user.
Trog doesn't appreciate your training magic!
You have lost your religion!
Trog does not appreciate desertion!
Your Throwing skill gained 2 levels and is now at level 22!
Your Armour skill gained 2 levels and is now at level 20!
Your Stealth skill increases to level 17!
Your Spellcasting skill increases to level 16!
You slice the large bag of meat!!
You hew the large bag of meat savagely.
The large bag of meat explodes!
The fiery explosion engulfs the bag of meat.
The fiery explosion engulfs you!
You die...

...%....#.#....
....%.....C.Vo..
...@......V.....
#..........o....
....oV...oo....
..o.o§§§.o.....
#.§oo§..# #.§)§§§.#
. .
.###.o)@§§.###...
........###o..§....
#........_.o.......
......#.....#......
....§.#_.o._#......
......#O.o).#......
#.....oo)_o.o......
.......o###o.......
...###... ...###...


You could see The Servant, 3 destroyers, a large bag of meat (inner flame) and
12 bags of meat.

Vanquished Creatures
  A vampire knight (D)
  8 ogres (D)
  16 orcs (D)
  A hill giant (D)
26 creatures vanquished.

Notes
Turn   | Place    | Note
--------------------------------------------------------------
     0 | D        | kosy22 the Troll Berserker began the quest for the Orb.
     0 | D        | Reached XP level 1. HP: 22/22 MP: 0/0
     3 | D        | Noticed a meat berserker
     3 | D        | Killed a meat berserker
     3 | D        | Reached XP level 2. HP: 59/59 MP: 1/1
     3 | D        | Reached XP level 3. HP: 67/67 MP: 2/2
     3 | D        | Reached XP level 4. HP: 76/76 MP: 3/3
     3 | D        | Reached XP level 5. HP: 84/84 MP: 4/4
     3 | D        | Reached XP level 6. HP: 94/94 MP: 5/5
     3 | D        | Reached XP level 7. HP: 102/102 MP: 6/6
     3 | D        | Reached XP level 8. HP: 111/111 MP: 7/7
     3 | D        | Reached XP level 9. HP: 119/119 MP: 8/8
     3 | D        | Reached XP level 10. HP: 128/128 MP: 9/9
     3 | D        | Reached XP level 11. HP: 136/136 MP: 10/10
     3 | D        | Reached XP level 12. HP: 146/146 MP: 11/11
     3 | D        | Reached XP level 13. HP: 154/154 MP: 12/12
     4 | D        | Noticed a bag of meat
     8 | D        | Noticed a bag of meat
     8 | D        | Noticed a meat berserker
     9 | D        | Killed a bag of meat
     9 | D        | Reached ** piety under Trog
     9 | D        | Noticed a bag of meat
     9 | D        | Noticed a bag of meat
    10 | D        | Noticed a meat berserker
    10 | D        | Noticed a bag of meat
    10 | D        | Killed a meat berserker
    10 | D        | Reached XP level 14. HP: 110/174 MP: 13/13
    11 | D        | Noticed a bag of meat
    11 | D        | Noticed a meat berserker
    12 | D        | Noticed a bag of meat
    14 | D        | Noticed a bag of meat
    14 | D        | Noticed a bag of meat
    15 | D        | Noticed a bag of meat
    15 | D        | Noticed a bag of meat
    15 | D        | Killed a bag of meat
    15 | D        | Reached XP level 15. HP: 87/185 MP: 14/14
    16 | D        | Killed a meat berserker
    16 | D        | Reached *** piety under Trog
    17 | D        | Noticed a meat berserker
    17 | D        | Noticed a meat berserker
    20 | D        | Noticed a meat berserker
    20 | D        | Reached skill level 5 in Axes
    20 | D        | Reached XP level 16. HP: 102/204 MP: 15/15
    21 | D        | Noticed a large bag of meat
    21 | D        | Noticed a meat berserker
    22 | D        | Killed a meat berserker
    22 | D        | Reached skill level 27 in Unarmed Combat
    22 | D        | Reached **** piety under Trog
    22 | D        | Reached XP level 17. HP: 65/222 MP: 16/16
    22 | D        | Killed a meat berserker
    22 | D        | Reached skill level 27 in Fighting
    22 | D        | Reached skill level 27 in Dodging
    22 | D        | Reached ***** piety under Trog
    22 | D        | Reached XP level 18. HP: 69/236 MP: 17/17
    22 | D        | Noticed a destroyer
    23 | D        | Received a gift from Trog
    23 | D        | Killed a meat berserker
    23 | D        | Reached XP level 19. HP: 39/245 MP: 18/18
    24 | D        | Noticed a destroyer
    24 | D        | Noticed a large bag of meat
    24 | D        | Killed a meat berserker
    24 | D        | Reached skill level 27 in Axes
    24 | D        | Reached skill level 5 in Stealth
    25 | D        | Reached skill level 10 in Armour
    25 | D        | Reached skill level 10 in Stealth
    25 | D        | Reached XP level 20. HP: 42/256 MP: 18/32
    26 | D        | Received a gift from Trog
    26 | D        | Reached skill level 10 in Spellcasting
    27 | D        | Killed a meat berserker
    27 | D        | Reached skill level 15 in Armour
    28 | D        | Noticed The Servant
    28 | D        | Reached * piety under Trog
    28 | D        | Reached skill level 15 in Stealth
    28 | D        | Reached XP level 21. HP: 45/265 MP: 18/38
    29 | D        | Noticed a destroyer
    29 | D        | Noticed a destroyer
    29 | D        | HP: 13/397 [large bag of meat/exploding inner flame (32)]
    29 | D        | HP: 2/397 [something (11)]
    31 | D        | Reached skill level 15 in Spellcasting
    31 | D        | Killed a destroyer
    31 | D        | Fell from the grace of Trog
    31 | D        | Killed from afar by a large bag of meat

Skill      XL: |  1  2  3  4  5  6  7  8  9 10 11 12 13 14 15 16 17 18 19 20 21 |
---------------+----------------------------------------------------------------+-----
Fighting       | 16 19 20 23 25 27 | 27.0
Axes           | 2 3 5 8 18 26 27 | 27.0
Dodging        | 16 19 20 22 24 27 | 27.0
Unarmed Combat | 18 22 23 26 27 | 27.0
Throwing       | 13 18 22 | 22.0
Armour         | 12 17 20 | 20.5
Stealth        | 10 15 17 | 17.8
Spellcasting   | 9 14 16 | 16.5

Action                   |  1- 3 |  4- 6 |  7- 9 | 10-12 | 13-15 | 16-18 | 19-21 || total
-------------------------+-------+-------+-------+-------+-------+-------+-------++-------
Melee: Executioner's axe |     1 |       |       |       |     5 |     2 |     7 ||    15
Invok: Berserk           |       |       |       |       |       |     1 |       ||     1
  Use: Scroll            |       |       |       |       |     1 |       |       ||     1
